 Dungeon Crawl Stone Soup version 0.28.0-49-g6dfe1f597d (webtiles) character file.

Game seed: 3456005523802040938

864 bnorton916 the Magician (level 7, -5/36 HPs)
             Began as a Deep Elf Fire Elementalist on May 20, 2022.
             Slain by an orc warrior
             ... wielding a +1 mace of protection
              (13 damage)
             ... on level 5 of the Dungeon.
             The game lasted 00:06:40 (6053 turns).

bnorton916 the Magician (DEFE)                      Turns: 6053, Time: 00:06:41

Health: -5/36      AC:  4    Str:  5    XL:     7   Next: 72%
Magic:  16/20      EV: 12    Int: 22    God:
Gold:   246        SH:  5    Dex: 15    Spells: 20/21 levels left

rFire   . . .      SeeInvis .   u - +8 woodcutter's axe {vorpal}
rCold   . . .      Faith    .   (no shield)
rNeg    + . .      Spirit   .   p - +2 robe {rN+}
rPois   .          Reflect  +   (no helmet)
rElec   .          Harm     .   (no cloak)
rCorr   .          Rampage  .   (no gloves)
Will    .....                   (no boots)
Stlth   ++........              g - amulet of reflection
HPRegen 0.12/turn               (no ring)
MPRegen 0.17/turn               (no ring)

@: no status effects
A: no striking features
a: no special abilities


You were on level 5 of the Dungeon.
You visited 1 branch of the dungeon, and saw 5 of its levels.
You also visited: Sewer.

You collected 246 gold pieces.

Inventory:

Hand Weapons
 e - a +1 arbalest of flaming
 u - the +8 woodcutter's axe (weapon) {vorpal}
   (You found it on level 5 of the Dungeon)

   It inflicts extra damage upon your enemies.
Missiles
 j - 3 boomerangs
 k - 149 stones
 l - 6 javelins
 t - 8 poisoned darts
Armour
 p - a +2 robe of positive energy (worn)
Jewellery
 d - a ring of ice
 g - an amulet of reflection (around neck)
Scrolls
 a - a scroll of fog {unknown}
 m - 2 scrolls of vulnerability
 r - a scroll of brand weapon
 s - a scroll of summoning
Potions
 b - a potion of might {unknown}
 c - 2 potions of haste
 f - 3 potions of magic
 h - 2 potions of curing {unknown}
 i - 3 potions of heal wounds
 n - a potion of brilliance {unknown}
 o - a potion of attraction {unknown}
 q - a potion of cancellation


   Skills:
 - Level 2.4 Dodging
 - Level 2.4 Stealth
 + Level 7.8 Spellcasting
 + Level 5.3 Conjurations
 + Level 6.1 Fire Magic


You had 20 spell levels left.
You knew the following spells:

 Your Spells              Type           Power      Damage    Failure   Level
a - Foxfire               Conj/Fire      100%       2x1d9     1%          1

Your spell library contained the following spells:

 Spells                   Type           Power      Damage    Failure   Level
 Scorch                   Fire           70%        2d8       1%          2
 Conjure Flame            Conj/Fire      33%        6-21      2%          3
 Inner Flame              Hex/Fire       22%        N/A       6%          3
 Flame Wave               Conj/Fire      33%        2d8       7%          4


Dungeon Overview and Level Annotations

Branches:
Dungeon (5/15)              Sewer (visited)
 Temple: D:4-7

Altars:


Message History

The foxfire hits the orc warrior.
The orc warrior is moderately wounded.
The foxfire hits the orc warrior but does no damage.
The orc warrior is moderately wounded.
Casting: Foxfire (safe; 1% risk of failure)
Confirm with . or Enter, or press ? or * to list all spells.
You conjure some foxfire!
The foxfire hits the orc warrior.
The orc warrior is heavily wounded.
The foxfire hits the orc warrior but does no damage.
The orc warrior is heavily wounded.
Casting: Foxfire (safe; 1% risk of failure)
Confirm with . or Enter, or press ? or * to list all spells.
You conjure some foxfire!
The orc warrior hits you with a +1 mace of protection!
The foxfire hits the orc.
You kill the orc!
The foxfire hits the orc warrior but does no damage.
The orc warrior is heavily wounded.
The orc priest barely misses you.
The orc warrior hits you with a +1 mace of protection.
You closely miss the orc warrior.
The orc warrior is heavily wounded.
You hit the orc priest.
The orc warrior hits you with a +1 mace of protection!
* * * LOW HITPOINT WARNING * * *
The orc priest barely misses you.
Unknown command.
You hit the orc warrior but do no damage.
The orc warrior is heavily wounded.
You hit the orc priest.
The orc priest mumbles some strange prayers to Beogh against you.
You struggle to resist.
The orc warrior barely misses you.
Unknown command.
You hit the orc warrior but do no damage.
The orc warrior is heavily wounded.
You hit the orc priest.
You kill the orc priest!
The orc warrior hits you with a +1 mace of protection!
You die...

............####
................#
................#
................#
..........#######
................#
...............#
.....#........#
.....#@o..#####
.......)####
......)..
.........#
.........#
.........#
..........
..........


You could see an orc warrior.

Vanquished Creatures
  A black bear (D:4)
  A necrophage (D:5)
  A phantom (D:4)
  2 bullfrogs (D:3)
  A scorpion (D:4)
  4 jellies
  A hound (D:4)
  2 orc priests
  Jessica (D:3)
  3 gnolls (D:5)
  2 river rats (Sewer)
  7 adders
  An adder skeleton (D:4)
  2 worms
  A dart slug (D:1)
  9 orcs
  5 ball pythons
  14 endoplasms
  6 giant cockroaches
  5 goblins
  7 hobgoblins
  2 jackals (D:3)
  10 kobolds
  A quokka (D:4)
  7 bats
  10 frilled lizards
  10 rats
116 creatures vanquished.

Vanquished Creatures (others)
  664 foxfires
664 creatures vanquished.

Grand Total: 780 creatures vanquished

Notes
Turn   | Place    | Note
-------+----------+-------------------------------------------
     0 | D:1      | bnorton916 the Deep Elf Fire Elementalist began the quest
                  | for the Orb.
     0 | D:1      | Reached XP level 1. HP: 10/10 MP: 6/6
   303 | D:1      | Reached XP level 2. HP: 15/15 MP: 4/8
  1450 | D:2      | Reached XP level 3. HP: 10/19 MP: 6/10
  2069 | D:3      | Reached skill level 4 in Spellcasting
  2069 | D:3      | Reached XP level 4. HP: 23/24 MP: 7/12
  2098 | D:3      | Noticed a bullfrog
  2107 | D:3      | Killed a bullfrog
  2108 | D:3      | Reached XP level 5. HP: 10/28 MP: 2/14
  2437 | D:3      | Found a glowing drain.
  2446 | Sewer    | Entered a sewer
  2900 | Sewer    | Reached skill level 5 in Spellcasting
  3292 | Sewer    | Reached XP level 6. HP: 32/32 MP: 7/16
  3463 | Sewer    | Found a viscous altar of Jiyva.
  3714 | D:3      | Noticed Jessica
  3716 | D:3      | Killed Jessica
  3717 | D:3      | Reached skill level 5 in Fire Magic
  3819 | D:3      | Reached skill level 6 in Spellcasting
  5088 | D:4      | Reached XP level 7. HP: 36/36 MP: 17/19
  5100 | D:4      | Reached skill level 7 in Spellcasting
  5321 | D:4      | Reached skill level 5 in Conjurations
  5707 | D:5      | Entered Level 5 of the Dungeon
  5876 | D:5      | Found the +8 woodcutter's axe {vorpal}
  6053 | D:5      | Slain by an orc warrior

Illustrated notes

Levels and vault maps discovered:
D:1:      dpeg_arrival_renting, layout_loops_ring, minmay_tetromino_t2
D:2:      layout_basic
D:3:      layout_basic, portal_sewer_entry_d, minmay_between, uniq_jessica
D:4:      layout_cave_pools
D:5:      layout_basic, kennysheep_generic_room_14, uniq_duvessa

Skill      XL: |  1  2  3  4  5  6  7 |
---------------+----------------------+-----
Fire Magic     | 4 5 6 |  6.1
Conjurations   | 2 3 4 5 |  5.3
Spellcasting   | 4 5 6 7 |  7.8
Dodging        | |  2.4
Stealth        | |  2.4

Action                   |  1- 3 |  4- 6 |  7- 9 || total
-------------------------+-------+-------+-------++-------
Melee: War axe           |       |       |     3 ||     3
 Cast: Foxfire           |   105 |   218 |    63 ||   386
  Use: Scroll            |     5 |     4 |       ||     9
       Potion            |     1 |     1 |       ||     2
Armor: Robe              |     2 |     5 |       ||     7
Dodge: Dodged            |     8 |    18 |     6 ||    32
Block: Other             |       |       |     1 ||     1
